 Dungeon Crawl Stone Soup version 0.31-a0-833-gc15d34cb79 (webtiles) character file.

Game seed: 15711546116445088949

445 Bravepunisher the Ducker (level 6, -6/32 HPs)
             Began as a Spriggan Monk on Sept 25, 2023.
             Was a Believer of Makhleb.
             Mangled by a water moccasin (7 damage)
             ... on level 5 of the Dungeon.
             The game lasted 00:07:58 (3179 turns).

Bravepunisher the Ducker (Spriggan Monk)            Turns: 3179, Time: 00:07:59

Health: -6/32      AC:  2    Str:  7    XL:     6   Next: 72%
Magic:  10/10      EV: 21    Int: 12    God:    Makhleb [**....]
Gold:   266        SH:  0    Dex: 19    Spells: 5/5 levels left

rFire   + . .        k - +1 long sword (vamp)
rCold   + . .        (no shield)
rNeg    . . .        b - +0 robe
rPois   +            (helmet restricted)
rElec   +            (no cloak)
rCorr   +            (gloves unavailable)
SInv    +            (boots unavailable)
Will    +....        (no amulet)
Stlth   ++           (no ring)
HPRegen 0.25/turn    (no ring)
MPRegen 0.12/turn

%: no passive effects
@: resistant, very quick
A: very small, no large weapons, unfitting armour, see invisible, speed 3
a: Renounce Religion, Minor Destruction


You were on level 5 of the Dungeon.
You worshipped Makhleb.
Makhleb was pleased with you.
You visited 1 branch of the dungeon, and saw 5 of its levels.

You collected 266 gold pieces.

Inventory:

Hand Weapons
 k - a +1 vampiric long sword (weapon)
Armour
 b - a +0 robe (worn)
Scrolls
 a - a scroll of poison {unknown}
 d - 2 scrolls of amnesia {unknown}
 f - a scroll of teleportation {unknown}
 g - 2 scrolls of torment {unknown}
 j - a scroll of vulnerability {unknown}
 l - 2 scrolls of identify {unknown}
 n - a scroll of fear {unknown}
Potions
 e - a potion of might {unknown}
 m - a potion of brilliance {unknown}
 o - a potion of haste {unknown}


   Skills:
 - Level 2.8 Fighting
 - Level 3.2 Short Blades
 + Level 6.7 Dodging
 * Level 5.2 Invocations


You had 5 spell levels left.
You didn't know any spells.
Your spell library contained the following spells:

 Spells                   Type           Power      Damage    Failure   Level
 Freeze                   Ice            0%         1d3       32%         1
 Kiss of Death            Conj/Necr      0%         2d5       32%         1
 Ensorcelled Hibernation  Hex/Ice        0%         N/A       45%         2
 Passwall                 Tmut/Erth      0%         N/A       45%         2
 Confusing Touch          Hex            0%         N/A       69%         3
 Frozen Ramparts          Ice            0%         1d1       69%         3
 Hailstorm                Conj/Ice       0%         3d3       69%         3
 Inner Flame              Hex/Fire       0%         N/A       69%         3
 Swiftness                Air            0%         N/A       69%         3
 Tukima's Dance           Hex            0%         N/A       69%         3
 Dispel Undead            Necr           0%         3d6       97%         4
 Flame Wave               Conj/Fire      0%         2d4       97%         4
 Passage of Golubria      Tloc           0%         N/A       97%         4
 Sticky Flame             Conj/Fire      0%         2d3       97%         4
 Yara's Violent Unravell  Hex/Tmut       0%         3d3       100%        5


Dungeon Overview and Level Annotations

Branches:
Dungeon (5/15)
 Temple: D:4-7

Altars:
Fedhas
Makhleb
Sif Muna

Annotations:
D:5 Ijyb


Innate Abilities, Weirdness & Mutations

You are very small and have problems with some larger weapons.
You are too small for most types of armour.
You have supernaturally acute eyesight. (SInv)
You cover ground extremely quickly. (Speed+++)


Message History

Press: ? - help, Shift-Dir - straight line, f/p - water moccasin
Aim: a water moccasin (severely wounded)
The puff of flame misses the water moccasin.
The puff of flame hits the black bear.
The black bear is moderately wounded.
The water moccasin bites you!
Aiming: Minor Destruction (1% risk of failure)
Press: ? - help, Shift-Dir - straight line, f/p - water moccasin
Aim: a water moccasin (severely wounded)
The water moccasin resists with significant effort.
The water moccasin misses you.
The water moccasin completely misses you.
Aiming: Minor Destruction (1% risk of failure)
Press: ? - help, Shift-Dir - straight line, f/p - water moccasin
Aim: a water moccasin (severely wounded)
The zap hits the water moccasin.
The water moccasin is almost dead.
The zap hits the black bear.
The black bear is heavily wounded.
The water moccasin closely misses you.
Aiming: Minor Destruction (1% risk of failure)
Press: ? - help, Shift-Dir - straight line, f/p - water moccasin
Aim: a water moccasin (almost dead)
The puff of flame misses the water moccasin.
The puff of flame hits the black bear.
The black bear is heavily wounded.
The water moccasin bites you but does no damage.
The water moccasin attacks as it pursues you!
The water moccasin closely misses you.
Aiming: Minor Destruction (1% risk of failure)
Press: ? - help, Shift-Dir - straight line, f/p - water moccasin
Aim: a water moccasin (almost dead)
The water moccasin struggles to resist.
The water moccasin bites you!
* * * LOW HITPOINT WARNING * * *
The water moccasin bites you.
* * * LOW HITPOINT WARNING * * *
It was a potion of resistance.
You feel protected. The water moccasin bites you!
You die...

#.......# #.......#
#....... .......
#...)... ..... #.......
..$ #....... #'#
#....... #h# #.......
#S#### #.......
######.@..#######.......
#...............<#'#####
#.#####.#.######.#.#
###..........#.#
#..........)...#####
###.########.......# #.#
#######.# #.# #.#
#.########## #.#


You could see a water moccasin and a black bear.

Vanquished Creatures
  Sigmund (D:2)
  A scorpion (D:4)
  3 wights (D:4)
  2 adders
  A dart slug (D:2)
  4 orcs
  5 bats
  6 endoplasms
  3 giant cockroaches
  5 goblins
  3 hobgoblins
  3 jackals
  4 kobolds
  A quokka (D:1)
  4 ball pythons
  A frilled lizard (D:2)
  4 rats
51 creatures vanquished.

Notes
Turn   | Place    | Note
-------+----------+-------------------------------------------
     0 | D:1      | Bravepunisher the Spriggan Monk began the quest for the
                  | Orb.
     0 | D:1      | Reached XP level 1. HP: 11/11 MP: 2/2
   274 | D:4      | Reached XP level 2. HP: 16/16 MP: 3/3
   306 | D:5      | Entered Level 5 of the Dungeon
   306 | D:5      | Found a blossoming altar of Fedhas.
   324 | D:5      | Found a burning altar of Makhleb.
   333 | D:5      | Noticed Ijyb
   336 | D:5      | Became a worshipper of Makhleb the Destroyer
   336 | D:5      | Reached * piety under Makhleb
   336 | D:5      | Reached ** piety under Makhleb
   722 | D:1      | Reached skill level 1 in Invocations
   756 | D:1      | Found a faded altar of an unknown god.
   960 | D:2      | Reached XP level 3. HP: 18/19 MP: 3/5
  1089 | D:2      | Found a shimmering blue altar of Sif Muna.
  1413 | D:2      | Noticed Sigmund
  1423 | D:2      | Killed Sigmund
  1424 | D:2      | Reached skill level 5 in Dodging
  1424 | D:2      | Reached XP level 4. HP: 21/23 MP: 5/7
  1424 | D:2      | Reached XP level 5. HP: 26/28 MP: 5/8
  1936 | D:3      | You fall into a shaft and drop 1 floor!
  2536 | D:4      | Reached skill level 6 in Dodging
  2536 | D:4      | Reached XP level 6. HP: 31/32 MP: 10/10
  2897 | D:4      | Reached skill level 5 in Invocations
  3163 | D:5      | Noticed a water moccasin
  3178 | D:5      | HP: 1/32 [water moccasin (1)]
  3179 | D:5      | Mangled by a water moccasin

Illustrated notes

Levels and vault maps discovered:
D:1:      kennysheep_arrival_forest, layout_rooms,
          dilly_ecumenical_altar_fadedgnrine, kennysheep_pointless_box,
          chequers_serial_rivers_room_b
D:2:      layout_loops_ring, basic_altar, lemuel_flame_loot_1, uniq_sigmund
D:3:      layout_basic
D:4:      layout_basic
D:5:      layout_basic, mainiacjoe_overflow_concentric_impassable,
          mainiacjoe_overflow_boulevard, minmay_temple_entry_waves, uniq_ijyb

Skill      XL: |  1  2  3  4  5  6 |
---------------+-------------------+-----
Invocations    | 1 3 4 5 |  5.2
Dodging        | 5 6 |  6.7
Fighting       | |  2.8
Short Blades   | |  3.2

Action                     |  1- 3 |  4- 6 || total
---------------------------+-------+-------++-------
  Melee: Short sword       |    47 |       ||    47
         Punch             |     1 |       ||     1
         Long sword        |       |    26 ||    26
 Invoke: Minor Destruction |    54 |    48 ||   102
    Use: Potion            |       |     4 ||     4
   Stab: Sleeping          |     2 |     1 ||     3
 Armour: Robe              |    14 |    16 ||    30
  Dodge: Dodged            |    46 |    42 ||    88

Table legend: (Time is in decaauts)
 A = Elapsed time spent in this place.
 B = Non-inter-level travel time spent in this place.
 C = Inter-level travel time spent in this place.
 D = Time resting spent in this place.
 E = Time spent auto-exploring this place.
 F = Levels seen in this place.
 G = Mean time per level.
                   A        B        C        D        E       F      G
               +--------+--------+--------+--------+--------+-----+--------+
         Total |   2187 |   2098 |     89 |     84 |   1532 |   5 |  437.4 |
       Dungeon |   2187 |   2098 |     89 |     84 |   1532 |   5 |  437.4 |
               +--------+--------+--------+--------+--------+-----+--------+

Top non-repeatable levels by time:
     D:2: 775 daAuts
     D:4: 519 daAuts
     D:3: 426 daAuts
     D:1: 377 daAuts
     D:5: 88 daAuts
